 Dungeon Crawl Stone Soup version 0.23-a0-490-ge7ea69a (webtiles) character file.

1858 zishaf the Skirmisher (level 9, -11/48 HPs)
             Began as a Vine Stalker Transmuter on Dec 2, 2018.
             Was a Follower of Ashenzari.
             Mangled by a yak (19 damage)
             ... on level 7 of the Dungeon on Dec 3, 2018.
             The game lasted 00:14:43 (5425 turns).

zishaf the Skirmisher (Vine Stalker Transmuter)     Turns: 5425, Time: 00:14:44

Health: -11/48     AC: 11    Str: 13    XL:     9   Next: 13%
Magic:  0/23       EV: 13    Int: 16    God:    Ashenzari [*.....]
Gold:   499        SH:  0    Dex: 15    Spells: 6/14 levels left

rFire    . . .     SeeInvis .   a - +4 quarterstaff (chaos)
rCold    . . .     Gourm    .   (shield currently unavailable)
rNeg     + . .     Faith    .   g - +0 ring mail
rPois    .         Spirit   +   B - +2 helmet (curse)
rElec    .         Reflect  .   z - +1 cloak {+Inv}
rCorr    .         Harm     .   I - +0 pair of gloves
MR       +....                  (no boots)
Stlth    +.........             (no amulet)
HPRegen  0.56/turn              C - ring of positive energy
MPRegen  0.18/turn              m - ring of magical power

@: very slightly contaminated
A: fangs 3, regeneration 1, magic shield, antimagic bite, no potion heal 3, rot
immunity
a: Curse Item, Scrying, Renounce Religion, Evoke Invisibility


You were on level 7 of the Dungeon.
You worshipped Ashenzari.
Ashenzari was aware of your devotion.
You were hungry.

You visited 2 branches of the dungeon, and saw 8 of its levels.

You collected 499 gold pieces.

Inventory:

Hand Weapons
 a - a +4 quarterstaff of chaos (weapon)
 b - a +0 hunting sling
 y - a +0 dagger of speed
Missiles
 j - 67 arrows
 u - 116 stones (quivered)
 v - 42 sling bullets
Armour
 g - a +0 ring mail (worn)
 t - a +0 robe
 z - a +1 cloak of invisibility (worn)
 B - a cursed +2 helmet (worn)
 I - a +0 pair of gloves (worn)
Jewellery
 m - a ring of magical power (right hand)
 C - a ring of positive energy (left hand)
Wands
 l - a wand of iceblast (9)
Scrolls
 c - a scroll of enchant weapon
 f - 2 scrolls of teleportation
 k - a scroll of amnesia {unknown}
 r - 2 scrolls of enchant armour
 s - a scroll of blinking
 x - 2 scrolls of fog {unknown}
Potions
 e - 2 potions of experience {unknown}
 h - 3 potions of curing {unknown}
 i - 2 potions of invisibility {unknown}
 n - 2 potions of resistance {unknown}
 o - a potion of haste {unknown}
 p - 2 potions of flight {unknown}
 w - a potion of degeneration {unknown}
 A - 2 potions of mutation {unknown}
 D - a potion of magic {unknown}
 E - a potion of brilliance {unknown}
 F - 2 potions of heal wounds {unknown}
 G - 2 potions of agility {unknown}
 H - a potion of lignification {unknown}
 J - a potion of ambrosia {unknown}
Comestibles
 d - 7 rations


   Skills:
 * Level 5.9 Fighting
 * Level 2.7 Armour
 - Level 5.0 Dodging
 + Level 5.3 Unarmed Combat
 - Level 3.1 Spellcasting
 + Level 4.8 Transmutations


You had 6 spell levels left.
You knew the following spells:

 Your Spells              Type           Power        Failure   Level  Hunger
a - Beastly Appendage     Tmut           ###...       5%          1    None
b - Sticks to Snakes      Tmut           ###.....     8%          2    ##.....
c - Blade Hands           Tmut           ###.......   82%         5    ######.

Your spell library contained the following spells:

 Spells                   Type           Power        Failure   Level  Hunger
 Animate Skeleton         Necr           N/A          36%         1    None
 Apportation              Tloc           #.....       36%         1    None
 Confusing Touch          Hex            #.....       36%         1    None
 Summon Small Mammal      Summ           #...         36%         1    None
 Spider Form              Tmut/Pois      ##........   38%         3    ###....
 Ice Form                 Ice/Tmut       ##......     80%         4    ####...


Dungeon Overview and Level Annotations

Branches:
Dungeon (7/15)             Temple (1/1) D:4

Altars:
Ashenzari
Cheibriados
Dithmenos
Elyvilon
Fedhas
Gozag
Hepliaklqana
Kikubaaqudgha
Makhleb
Nemelex Xobeh
Okawaru
Qazlal
Sif Muna
Trog
Uskayaw
Vehumet
Wu Jian
Xom
Yredelemnul
Zin
The Shining One

Annotations:
D:6 exclusion: downstairs


Innate Abilities, Weirdness & Mutations

You have razor-sharp teeth.
Your natural rate of healing is unusually fast.
When hurt, damage is shared between your health and your magic reserves.
Your bite disrupts and absorbs the magic of your enemies.
Potions cannot restore your health.
You are immune to rotting.


Message History

a +0 hand axe; a +0 scale mail The yak gores you but does no damage.
Things that are here:
a +0 dagger; a +0 robe; a tomahawk The yak rages.
The yak gores you!
* * * LOW HITPOINT WARNING * * *
The yak rages.
The yak closely misses you. The yak gores you.
* * * LOW HITPOINT WARNING * * *
The yak barely misses you.
All of the chunks of flesh in your inventory have rotted away.
The yak misses you.
You are feeling hungry.
The yak rages.
The yak gores you but does no damage. The yak gores you but does no damage.
The yak gores you!!
You die...

...........#......#### ###
...........##........####
<.....#######..#........####
# ##...##
#..######......###### #..###
##...# #####........ .###
#..## #........ ## ##.##
#........ # #..# #........
##@# ##>...... #Y## #.......
#..# ##...... ##.# #......
#.### ##..... #...####
#..... #.#>...######....
##.####....####... # #.##
####...)(...


You could see a yak (berserk).

Vanquished Creatures
  2 ice beasts
  5 ogres
  A black bear (D:7)
  A phantom (D:6)
  A centaur (D:5)
  A bullfrog (D:6)
  2 centaur zombies (D:5)
  4 hounds
  A bullfrog zombie (D:7)
  An orc priest (D:4)
  Crazy Yiuf (D:2)
  A gnoll shaman (D:5)
  3 bullfrog skeletons
  3 orc wizards
  Natasha (D:2)
  A hound skeleton (D:5)
  A worker ant zombie (D:5)
  Robin (D:4)
  16 gnolls
  10 adders
  An ooze (D:4)
  An adder skeleton (D:4)
  5 worms
  2 dart slugs
  8 leopard geckos
  12 orcs
  5 giant cockroaches
  14 goblins
  8 hobgoblins
  7 jackals
  6 kobolds
  4 quokkas
  3 ball pythons
  6 bats
  2 frilled lizards
  A jackal skeleton (D:5)
  A leopard gecko zombie (D:6)
  6 rats
149 creatures vanquished.

Vanquished Creatures (collateral kills)
  Terence (D:2)
  An adder (D:2)
  A kobold (D:2)
  A bat (D:2)
4 creatures vanquished.

Grand Total: 153 creatures vanquished

Notes
Turn   | Place    | Note
-------+----------+-------------------------------------------
     0 | D:1      | zishaf the Vine Stalker Transmuter began the quest for the
                  | Orb.
     0 | D:1      | Reached XP level 1. HP: 9/9 MP: 4/4
   198 | D:1      | Reached skill level 1 in Fighting
   377 | D:1      | Reached XP level 2. HP: 14/14 MP: 6/6
   750 | D:1      | Reached XP level 3. HP: 15/18 MP: 7/7
   901 | D:2      | Found an iron altar of Okawaru.
  1326 | D:1      | Gained mutation: Your natural rate of healing is unusually
                  | fast. [Vine Stalker growth]
  1326 | D:1      | Reached XP level 4. HP: 7/23 MP: 5/8
  1428 | D:2      | Found a burning altar of Makhleb.
  1438 | D:2      | Found a glowing silver altar of Zin.
  1438 | D:2      | Noticed a balrug
  1438 | D:2      | Noticed an angel
  1442 | D:2      | Noticed Natasha
  1458 | D:2      | Killed Natasha
  1483 | D:2      | Learned a level 2 spell: Sticks to Snakes
  1493 | D:2      | Found an ancient bone altar of Kikubaaqudgha.
  1494 | D:2      | Noticed Terence
  1530 | D:2      | Reached XP level 5. HP: 27/27 MP: 10/10
  1557 | D:2      | Killed Terence
  1655 | D:2      | Found a runed door.
  1916 | D:2      | Noticed Crazy Yiuf
  1940 | D:2      | Killed Crazy Yiuf
  2043 | D:3      | Noticed an ogre
  2065 | D:2      | Killed an ogre
  2065 | D:2      | Reached XP level 6. HP: 9/32 MP: 2/11
  2358 | D:3      | Found a faded altar of an unknown god.
  2377 | D:3      | Became a worshipper of Gozag Ym Sagoz the Greedy
  2639 | D:4      | Learned a level 5 spell: Blade Hands
  2692 | D:4      | Found a staircase to the Ecumenical Temple.
  2694 | D:4      | Reached XP level 7. HP: 36/36 MP: 12/12
  2749 | D:4      | Noticed Robin
  2761 | D:4      | Killed Robin
  3127 | Temple   | Entered the Ecumenical Temple
  3180 | Temple   | Fell from the grace of Gozag
  3180 | Temple   | Became a worshipper of Ashenzari the Shackled
  3235 | D:5      | Entered Level 5 of the Dungeon
  3282 | D:5      | Found a shadowy altar of Dithmenos.
  3285 | D:5      | Found an opulent altar of Gozag.
  3288 | D:5      | Found a basalt altar of Yredelemnul.
  3887 | D:5      | Gained mutation: You have razor-sharp teeth. [Vine Stalker
                  | growth]
  3887 | D:5      | Reached XP level 8. HP: 8/42 MP: 5/13
  4135 | D:5      | Reached * piety under Ashenzari
  4472 | D:6      | Reached skill level 5 in Fighting
  4546 | D:6      | Reached skill level 1 in Armour
  4546 | D:6      | Reached skill level 5 in Dodging
  4644 | D:6      | Found a shattered altar of Ashenzari.
  4867 | D:7      | Noticed a yak
  4867 | D:7      | Noticed a yak
  4933 | D:7      | Was forgiven by Gozag
  4968 | D:7      | Reached skill level 5 in Unarmed Combat
  5035 | D:7      | Reached XP level 9. HP: 47/47 MP: 14/14
  5394 | D:7      | HP: 1/48 [yak (4)]
  5425 | D:7      | Mangled by a yak

Vault maps used:
D:1:      lemuel_arrival_broad_hall, minmay_misc_feat_rugged,
          minmay_misc_feat_iff, amethyst_killhole, eino_curves_03,
          minmay_pentomino_w2
D:2:      grunt_temple_overflow_order_and_chaos_2, kiku_gazebo_garden_becter,
          first_ration, okawaru_ov_weapons_minmay, uniq_natasha, uniq_terence,
          uniq_crazy_yiuf_cottage
D:3:      chequers_ecumenical_altar_simple_redux
D:4:      minmay_temple_entry_proselytizer, grunt_ministairs_9,
          kennysheep_generic_room_10, uniq_robin
D:5:      grunt_temple_overflow_diamond
D:6:      basic_altar
Temple:   eino_wide_crystal_templ

Skill      XL: |  1  2  3  4  5  6  7  8 |
---------------+-------------------------+-----
Fighting       | 1 2 3 4 5 |  5.9
Dodging        | 2 3 4 5 |  5.0
Spellcasting   | 3 |  3.1
Transmutations | 3 4 |  4.8
Unarmed Combat | 4 5 |  5.3
Armour         | 2 |  2.7

Action                   |  1- 3 |  4- 6 |  7- 9 || total
-------------------------+-------+-------+-------++-------
Melee: Unarmed           |    16 |       |       ||    16
       Bite              |    36 |    33 |    60 ||   129
       Dagger            |   137 |    79 |       ||   216
       Punch             |     4 |     3 |       ||     7
       Quarterstaff      |       |    63 |   254 ||   317
 Fire: Hunting sling     |    12 |    25 |     1 ||    38
 Cast: Sticks to Snakes  |       |     9 |       ||     9
Invok: Curse Item        |       |       |     1 ||     1
  Use: Scroll            |       |       |     7 ||     7
 Stab: Distracted        |       |       |     1 ||     1
       Petrifying        |       |       |     1 ||     1
  Eat: Chunk             |     1 |     5 |     6 ||    12
       Ration            |       |       |     1 ||     1
Armor: Ring mail         |    54 |    36 |   121 ||   211
       Robe              |     1 |       |       ||     1
Dodge: Dodged            |    62 |    83 |   171 ||   316

Table legend:
 A = Non-vault XP
 B = Vault XP
 C = Vault XP percentage of total XP
 D = Non-vault monster count
 E = Vault monster count
 F = Vault count percentage of total count
                 A         B        C        D         E       F
            +---------+---------+-------+---------+---------+-------
      Total |    2473 |     182 |   6.9 |     133 |      20 |  13.1
            +---------+---------+-------+---------+---------+-------
        D:1 |      59 |       4 |   6.3 |      22 |       2 |   8.3
        D:2 |     274 |      93 |  25.3 |      25 |       3 |  10.7
        D:3 |      83 |       0 |   0.0 |      18 |       0 |   0.0
        D:4 |     149 |      85 |  36.3 |      13 |      15 |  53.6
        D:5 |     831 |       0 |   0.0 |      23 |       0 |   0.0
        D:6 |     332 |       0 |   0.0 |       5 |       0 |   0.0
        D:7 |     745 |       0 |   0.0 |      27 |       0 |   0.0
            +---------+---------+-------+---------+---------+-------
